 Dungeon Crawl Stone Soup version 0.31.0-9-g3a7656b989 (webtiles) character file.

Game seed: 14780470100010672305

2162 monsoonserge the Skirmisher (level 9, 0/62 (66) HPs)
             Began as a Formicid Hexslinger on Jan 24, 2024.
             Slain by an orc
             ... wielding a +2 flail of draining
              (3 damage)
             ... on level 7 of the Dungeon.
             The game lasted 00:25:37 (4711 turns).

monsoonserge the Skirmisher (Formicid Hexslinger)   Turns: 4711, Time: 00:25:37

HP:   0/62 (66)     AC:  3    Str: 13    XL:     9   Next: 57%
MP:   8/13          EV: 12    Int: 15    God:
Gold: 503           SH:  0    Dex: 18    Spells: 9/14 levels left

rFire   + . .        u - +0 orcbow
rCold   . . .        (no shield)
rNeg    . . .        t - +0 leather armour
rPois   +            (helmet unavailable)
rElec   .            i - scarf {repulsion}
rCorr   .            (no gloves)
SInv    +            (no boots)
Will    .....        k - amulet of regeneration
Stlth   ++           d - ring of poison resistance
HPRegen 1.10/turn    y - ring of protection from fire
MPRegen 0.13/turn

%: repel missiles
@: weak-willed, drained
A: permanent stasis, dig shafts and tunnels, antennae 3, four strong arms
a: Dig, Shaft Self


You were on level 7 of the Dungeon.
You visited 2 branches of the dungeon, and saw 8 of its levels.

You collected 503 gold pieces.

Inventory:

Hand Weapons
 u - a +0 orcbow (weapon)
Missiles
 p - 9 javelins
Armour
 c - a +0 robe
 i - a scarf of repulsion (worn)
 t - a +0 leather armour (worn)
Jewellery
 d - a ring of poison resistance (left hand)
 k - an amulet of regeneration (around neck)
 q - an amulet of guardian spirit
 y - a ring of protection from fire (right hand)
Wands
 a - a wand of paralysis (18)
Scrolls
 b - 2 scrolls of poison
 e - 2 scrolls of fear {unknown}
 f - 7 scrolls of identify {unknown}
 g - 5 scrolls of teleportation {unknown}
 o - 2 scrolls of amnesia {unknown}
 r - 3 scrolls of immolation {unknown}
 s - a scroll of blinking {unknown}
 A - a scroll of enchant weapon {unknown}
Potions
 h - a potion of degeneration {unknown}
 j - a potion of ambrosia {unknown}
 l - 3 potions of curing
 m - a potion of brilliance {unknown}
 n - 2 potions of heal wounds
 v - 2 potions of invisibility {unknown}
 w - a potion of attraction {unknown}
 x - a potion of enlightenment {unknown}
 z - a potion of mutation {unknown}


   Skills:
 + Level 4.7 Fighting
 * Level 9.4 Ranged Weapons
 + Level 2.9 Armour
 + Level 2.6 Dodging
 + Level 0.5 Stealth
 - Level 3.0 Spellcasting
 + Level 5.5 Hexes
 - Level 2.0 Fire Magic
 + Level 1.4 Evocations


You had 9 spell levels left.
You knew the following spells:

 Your Spells              Type           Power      Damage    Failure   Level
a - Jinxbite              Hex            36%        N/A       4%          2
b - Inner Flame           Hex/Fire       13%        N/A       16%         3

Your spell library contained the following spells:

 Spells                   Type           Power      Damage    Failure   Level
 Slow                     Hex            72%        N/A       2%          1
 Confusing Touch          Hex            18%        N/A       8%          3
 Sigil of Binding         Hex            18%        N/A       8%          3
 Magic Dart               Conj           8%         1d3       26%         1
 Sandblast                Erth           4%         2d4       26%         1
 Cause Fear               Hex            9%         N/A       26%         4
 Call Imp                 Summ           4%         N/A       36%         2
 Call Canine Familiar     Summ           2%         N/A       58%         3
 Passwall                 Erth           2%         N/A       58%         3
 Stone Arrow              Conj/Erth      4%         3d7       58%         3
 Vampiric Draining        Necr           2%         2d6       58%         3
 Dimensional Bullseye     Hex/Tloc       5%         N/A       63%         4
 Brom's Barrelling Bould  Conj/Erth      2%         2d3       94%         4
 Blink                    Tloc           Unusable   N/A       N/A         2

Dungeon Overview and Level Annotations

Branches:
Dungeon (7/15)             Temple (1/1) D:6

Altars:
Ashenzari
Dithmenos
Elyvilon
Fedhas
Gozag
Hepliaklqana
Kikubaaqudgha
Nemelex Xobeh
Sif Muna
Trog
Uskayaw
Vehumet
Xom
The Shining One

Shops:
D:2 [

Portals:
Abyss: D:4

Annotations:
D:4 2 transporters, pigah's ghost, amateur OpSh


Innate Abilities, Weirdness & Mutations

You cannot be hasted, slowed, berserked, paralysed or teleported.
You can dig through walls and to a lower floor.
You have a pair of large antennae on your head. (SInv)
Your four strong arms can wield two-handed weapons with a shield.


Message History

The arrow barely misses the orc warrior.
The arrow barely misses the orc.
A giggling sprite leaps out and smacks the orc warrior with its own hand.
The orc warrior is almost dead.
The jinxing sprites lose interest in you.
The orc warrior hits you but does no damage.
The orc hits you with a +0 hand axe. The orc hits you with a +0 mace.
The shadow imp misses you.
Casting: Jinxbite (safe; 4% risk of failure)
Confirm with . or Enter, or press ? or * to list all spells.
Aiming: Inner Flame (dangerous; 16% risk of failure)
Press: ? - help, Dir - move target, f - orc wizard, p - orc warrior
Aim: an orc wizard, wielding a +0 dagger and wearing a +0 robe (slightly transparent, chance to affect: 66%)
The orc wizard is filled with an inner flame.
The orc warrior hits you with a +0 short sword.
The orc hits you with a +0 hand axe. The shadow imp hits you.
The orc hits you with a +2 flail of draining.
You feel drained.
Fire: u) +0 orcbow
Press: ? - help, Q - select action, (/) - cycle Shift-Dir - straight line, f - orc warrior, p - orc wizard
Aim: an orc warrior, wielding a +0 short sword, wearing a +0 chain mail and carrying a wand of iceblast (almost dead, heavily drained, 58% to hit)
You shoot an arrow.
The arrow closely misses the orc warrior.
The orc warrior completely misses you. The orc hits you with a +0 hand axe.
The shadow imp closely misses you.
The orc hits you with a +2 flail of draining!
* * * LOW HITPOINT WARNING * * *
You feel drained.
* * * LOW HITPOINT WARNING * * *
It was a potion of heal wounds.
You feel much better.
The orc wizard hits you with a +0 dagger.
The orc warrior hits you with a +0 short sword.
The orc priest calls down the wrath of Beogh upon you.
Beogh smites you!
* * * LOW HITPOINT WARNING * * *
The orc hits you with a +0 hand axe.
* * * LOW HITPOINT WARNING * * *
The shadow imp completely misses you.
The orc hits you with a +2 flail of draining.
You die...

........## #.
##+####....# #. #....
##.#.###. ##....
###.#).... ##..$.
##.#..####. #....
##..#..#.... ...
##...)....#..
###o####....#.......
#oo@..#.....#...#(..
,#.5oo.#....##...##.#
..'..o).'[..###......#
....#..).)#..##
#)#.#..#
...,#.....#.##
#.#.##.. .. ###'#####
#.#.#### . ... +..yo{
... #.#..o { { #.###.#


You could see an orc warrior (very drained), an orc priest, an orc wizard (inner
flame, invisible), a shadow imp and 3 orcs.

Vanquished Creatures
  Eustachio (D:5)
  2 vampire mosquitoes (D:6)
  An ice beast (D:6)
  2 black bears
  4 ogres
  A sky beast (D:7)
  2 bullfrogs (D:6)
  2 scorpions
  A killer bee (D:7)
  2 bombardier beetles
  6 hounds
  A jelly (D:6)
  3 orc priests
  Ijyb (D:5)
  2 sleepcaps
  An iguana (D:5)
  4 orc wizards
  13 adders
  A shadow imp (D:7)
  3 white imps
  2 dart slugs
  A ribbon worm (D:1)
  14 orcs
  4 endoplasms
  A giant cockroach (D:4)
  9 goblins
  5 hobgoblins
  12 jackals
  7 kobolds
  3 quokkas
  4 ball pythons
  5 bats
  A frilled lizard (D:2)
  9 rats
130 creatures vanquished.

Vanquished Creatures (others)
  A scorpion (D:5)
1 creature vanquished.

Grand Total: 131 creatures vanquished

Notes
Turn   | Place    | Note
-------+----------+-------------------------------------------
     0 | D:1      | monsoonserge the Formicid Hexslinger began the quest for
                  | the Orb.
     0 | D:1      | Reached XP level 1. HP: 15/15 MP: 2/2
   112 | D:1      | Reached XP level 2. HP: 21/21 MP: 3/3
   116 | D:1      | Learned a level 2 spell: Jinxbite
   844 | D:2      | Reached XP level 3. HP: 26/26 MP: 4/4
   877 | D:2      | Found Turedgh's Antique Armour Shoppe.
  1095 | D:2      | Reached skill level 3 in Ranged Weapons
  1096 | D:2      | Reached XP level 4. HP: 33/33 MP: 2/5
  1805 | D:3      | Reached XP level 5. HP: 38/38 MP: 6/6
  1860 | D:3      | Found a bloodstained altar of Trog.
  1873 | D:3      | Reached skill level 4 in Ranged Weapons
  2020 | D:3      | Reached XP level 6. HP: 44/44 MP: 5/7
  2444 | D:4      | Found a transporter.
  2463 | D:4      | Noticed a small abomination
  2484 | D:4      | Found a transporter.
  2495 | D:4      | Found a one-way gate to the infinite horrors of the Abyss.
  2495 | D:4      | Noticed pigah's ghost (amateur OpSh)
  2522 | D:4      | Reached skill level 5 in Ranged Weapons
  2659 | D:4      | Noticed a black bear
  2665 | D:4      | Killed a black bear
  2666 | D:4      | Reached skill level 1 in Armour
  2666 | D:4      | Reached XP level 7. HP: 43/51 MP: 7/10
  2888 | D:5      | Entered Level 5 of the Dungeon
  2905 | D:5      | Reached skill level 6 in Ranged Weapons
  3009 | D:5      | Noticed Eustachio
  3155 | D:5      | Identified the +5 flail of Famine {flame, ^Contam +Blink
                  | rC++ SInv}
  3168 | D:5      | Found a shimmering blue altar of Sif Muna.
  3281 | D:5      | Reached skill level 7 in Ranged Weapons
  3281 | D:5      | Reached XP level 8. HP: 26/58 MP: 6/11
  3348 | D:5      | Found an ancient bone altar of Kikubaaqudgha.
  3376 | D:5      | Reached skill level 5 in Hexes
  3451 | D:5      | Learned a level 3 spell: Inner Flame
  3513 | D:5      | Noticed Ijyb
  3520 | D:5      | Killed Ijyb
  3616 | D:5      | Killed Eustachio
  3760 | D:6      | Found a staircase to the Ecumenical Temple.
  3770 | Temple   | Entered the Ecumenical Temple
  3863 | D:6      | Found a glowing golden altar of the Shining One.
  3894 | D:6      | Reached skill level 1 in Evocations
  3900 | D:6      | Reached skill level 8 in Ranged Weapons
  3900 | D:6      | Reached XP level 9. HP: 65/65 MP: 9/12
  4513 | D:6      | Reached skill level 9 in Ranged Weapons
  4711 | D:7      | HP: 3/62 [orc/+0 hand axe (6)]
  4711 | D:7      | Slain by an orc

Illustrated notes

Levels and vault maps discovered:
D:1:      lightli_arrival_windingriver, layout_loops_ring
D:2:      layout_loops_ring, serial_shops, nicolae_shop_overgrown_old_shop,
          nicolae_half_adder
D:3:      layout_loops_ring, mainiacjoe_overflow_small_starburst,
          nicolae_kite_square_tiling_tiny
D:4:      layout_basic, gammafunk_ghost_abyssal_escape, amcnicky_mini_pool_small
D:5:      layout_cave_pools, nicolae_kikubaaqudgha_miasma_corner,
          kennysheep_orc_sif_temple, uniq_ijyb, uniq_eustachio
D:6:      layout_rooms, lemuel_doored_altar, minmay_temple_entry_wispy,
          corexii_item_surrounded_by_moat, minivault_24,
          minmay_fractal_squares_5
D:7:      layout_rooms, kennysheep_little_box, grunt_qazlal_clouds,
          minmay_quadrilaterals
Temple:   eino_wide_crystal_templ

Skill      XL: |  1  2  3  4  5  6  7  8  9 |
---------------+----------------------------+-----
Hexes          | 4 5 |  5.5
Fighting       | 2 3 4 |  4.7
Ranged Weapons | 3 4 5 7 8 9 |  9.4
Dodging        | 2 |  2.6
Spellcasting   | 2 3 |  3.0
Armour         | 1 2 |  2.9
Fire Magic     | 2 |  2.0
Evocations     | 1 |  1.4
Stealth        | |  0.5

Action                     |  1- 3 |  4- 6 |  7- 9 || total
---------------------------+-------+-------+-------++-------
   Fire: Sling             |    71 |   117 |       ||   188
         Orcbow            |       |    17 |   207 ||   224
   Cast: Jinxbite          |     6 |    17 |    24 ||    47
         Inner Flame       |       |       |     1 ||     1
Ability: Dig               |     2 |       |       ||     2
  Evoke: Wand              |       |       |     3 ||     3
    Use: Potion            |       |       |     2 ||     2
 Armour: Robe              |    16 |    13 |       ||    29
         Leather armour    |       |    18 |    92 ||   110
  Dodge: Dodged            |    22 |    40 |    83 ||   145
         Repelled          |     1 |     1 |     1 ||     3
